 Dungeon Crawl Stone Soup version 0.24-a0-525-g9231cdcba1 (webtiles) character file.

Game seed: 10204897610963527372

109 Inquire the Skirmisher (level 4, 0/37 HPs)
             Began as a Demonspawn Fighter on Aug 1, 2019.
             Slain by Crazy Yiuf
             ... wielding a +3 quarterstaff of chaos
              (5 damage)
             ... on level 2 of the Dungeon.
             The game lasted 00:01:53 (1636 turns).

Inquire the Skirmisher (Demonspawn Fighter)         Turns: 1636, Time: 00:01:54

Health: 0/37       AC:  0    Str: 19    XL:     4   Next: 59%
Magic:  3/4        EV: 18    Int:  9    God:
Gold:   101        SH:  0    Dex: 18    Spells: 3/3 levels left

rFire    . . .     SeeInvis .   (weapon currently unavailable)
rCold    . . .     Gourm    .   (shield currently unavailable)
rNeg     . . .     Faith    .   (armour currently unavailable)
rPois    .         Spirit   .   (helmet currently unavailable)
rElec    .         Reflect  .   (cloak currently unavailable)
rCorr    .         Harm     .   (gloves currently unavailable)
MR       .....                  (boots currently unavailable)
Stlth    +++.......             (no amulet)
HPRegen  0.12/turn              (ring currently unavailable)
MPRegen  0.09/turn              (ring currently unavailable)

@: agile, pig-form, lightly drained, very quick
A: small, strong 1
a: no special abilities


You were on level 2 of the Dungeon.
You were not hungry.
You were a filthy swine.
You visited 1 branch of the dungeon, and saw 2 of its levels.

You collected 101 gold pieces.

Inventory:

Hand Weapons
 a - a +1 flail (melded)
Missiles
 k - 13 poisoned darts (quivered)
Armour
 b - a +0 scale mail (melded)
 c - a +0 shield (melded)
 m - a cursed +0 cloak (melded)
Jewellery
 e - a ring of poison resistance (melded)
Scrolls
 d - a scroll of identify
 g - a scroll of teleportation
Potions
 h - a potion of curing {unknown}
Comestibles
 f - 4 rations
 j - a chunk of flesh


   Skills:
 + Level 3.7(3.4) Fighting
 * Level 3.3(3.0) Maces & Flails
 - Level 2.6(2.3) Armour
 + Level 3.3(2.9) Shields


You had 3 spell levels left.
You didn't know any spells.
Your spell library was empty.

Dungeon Overview and Level Annotations

Branches:
Dungeon (2/15)

Altars:

Annotations:
D:2 Crazy Yiuf


Innate Abilities, Weirdness & Mutations

((You have sharp toenails.))
((You are mostly covered in iridescent scales. (AC +4)))
((You have a pair of small antennae on your head.))
((Your flesh is cold resistant. (rC+)))
Your muscles are strong. (Str +2)


Message History

Unknown command.
You barely miss Crazy Yiuf.
Crazy Yiuf is almost dead.
Crazy Yiuf waves his quarterstaff at you.
Crazy Yiuf hits you with a +3 quarterstaff of chaos!
You hit Crazy Yiuf.
Crazy Yiuf is almost dead.
Crazy Yiuf barely misses you.
Unknown command.
You hit Crazy Yiuf but do no damage.
Crazy Yiuf is almost dead.
Crazy Yiuf hits you with a +3 quarterstaff of chaos!
You feel your power leaking away.
Unknown command.
You barely miss Crazy Yiuf.
Crazy Yiuf is almost dead.
Crazy Yiuf hits you with a +3 quarterstaff of chaos!
* * * LOW HITPOINT WARNING * * *
You feel drained.
You die...

#.#
##..#####..........
#####.# #....#
###'####### #.....#
♣.PP.♣ ####.#
##.#### ♣♣...♣
#.##.# #.# ♣♣.♣♣
#.##.# #.# ♣♣.♣
#)##.# # #.# ♣.♣♣
#.##.# # #.# ♣♣.♣
#.##.# # #.# ♣h♣♣
#.##.# ### #.# #g#
#.##.# #.. #.####
... #.##.# #..
#....# #...# #....#
#.. ###### #)..#
#.#### #.. #####
#.# #.. ### #.. #..
#..


You could see Crazy Yiuf.

Vanquished Creatures
  Natasha (twice) (D:2)
  A worm (D:2)
  6 dart slugs
  3 bats
  2 giant cockroaches (D:1)
  7 goblins
  5 hobgoblins
  3 jackals (D:1)
  6 frilled lizards
  8 kobolds (D:1)
  2 rats
45 creatures vanquished.

Notes
Turn   | Place    | Note
-------+----------+-------------------------------------------
     0 | D:1      | Inquire the Demonspawn Fighter began the quest for the Orb.
     0 | D:1      | Reached XP level 1. HP: 18/18 MP: 1/1
   256 | D:1      | Gained mutation: You are partially covered in iridescent
                  | scales. (AC +2) [demonic ancestry]
   256 | D:1      | Reached XP level 2. HP: 22/24 MP: 2/2
   413 | D:1      | Gained mutation: You have a pair of small antennae on your
                  | head. [potion of mutation]
   413 | D:1      | Gained mutation: Your flesh is cold resistant. (rC+)
                  | [potion of mutation]
   413 | D:1      | Gained mutation: Your muscles are strong. (Str +2) [potion
                  | of mutation]
   420 | D:1      | Gained mutation: You have sharp toenails. [demonic
                  | ancestry]
   420 | D:1      | Reached XP level 3. HP: 29/29 MP: 3/3
  1311 | D:2      | Found a runed translucent door.
  1312 | D:2      | Noticed Crazy Yiuf
  1482 | D:2      | Noticed Natasha
  1492 | D:2      | Killed Natasha
  1492 | D:2      | Gained mutation: You are mostly covered in iridescent
                  | scales. (AC +4) [demonic ancestry]
  1492 | D:2      | Reached XP level 4. HP: 29/36 MP: 4/4
  1597 | D:2      | Noticed Natasha
  1604 | D:2      | Killed Natasha
  1636 | D:2      | Slain by Crazy Yiuf

Levels and vault maps discovered:
D:1:      psy_arrival_radial02, layout_rooms, hex_intersection,
          hangedman_decor_points, minmay_misc_feat_pillars, minmay_tromino_v2
D:2:      layout_basic, minmay_misc_feat_four_crosses, uniq_crazy_yiuf_cottage,
          uniq_natasha

Skill      XL: |  1  2  3 |
---------------+----------+-----
Maces & Flails | 2 3 |  3.3
Shields        | 3 |  3.3
Fighting       | |  3.7
Armour         | |  2.6

Action                   |  1- 3 |  4- 6 || total
-------------------------+-------+-------++-------
Melee: Flail             |   111 |     8 ||   119
       Kick              |    14 |     5 ||    19
       Unarmed           |       |     4 ||     4
  Use: Potion            |     2 |     1 ||     3
       Scroll            |     5 |       ||     5
  Eat: Chunk             |     1 |     1 ||     2
Armor: Scale mail        |    47 |     2 ||    49
Dodge: Dodged            |    30 |     4 ||    34
Block: Shield            |    42 |     2 ||    44

Table legend:
 A = Non-vault XP
 B = Vault XP
 C = Vault XP percentage of total XP
 D = Non-vault monster count
 E = Vault monster count
 F = Vault count percentage of total count
                 A         B        C        D         E       F
            +---------+---------+-------+---------+---------+-------
      Total |     119 |      37 |  23.7 |      42 |       3 |   6.7
            +---------+---------+-------+---------+---------+-------
        D:1 |      50 |       2 |   3.8 |      24 |       2 |   7.7
        D:2 |      69 |      35 |  33.7 |      18 |       1 |   5.3
            +---------+---------+-------+---------+---------+-------
